 Dungeon Crawl Stone Soup version 0.29.1-15-g9cfb28693d (webtiles) character file.

Game seed: 10174308372196493869

114 ChiefBigBeans the Shooter (level 4, -2/40 HPs)
             Began as a Minotaur Hunter on Feb 26, 2023.
             Slain by an orc
             ... wielding a +0 flail
              (6 damage)
             ... on level 3 of the Dungeon.
             The game lasted 00:04:36 (2160 turns).

ChiefBigBeans the Shooter (Minotaur Hunter)         Turns: 2160, Time: 00:04:37

Health: -2/40      AC:  6    Str: 15    XL:     4   Next: 66%
Magic:  3/3        EV: 12    Int:  6    God:
Gold:   134        SH:  0    Dex: 16    Spells: 3/3 levels left

rFire   . . .      SeeInvis .   a - +0 shortbow
rCold   . . .      Faith    .   (shield currently unavailable)
rNeg    . . .      Spirit   .   i - +1 ring mail
rPois   .          Reflect  .   (helmet restricted)
rElec   .          Harm     .   (no cloak)
rCorr   .          Rampage  .   (no gloves)
Will    .....                   (no boots)
Stlth   +.........              (no amulet)
HPRegen 0.13/turn               (no ring)
MPRegen 0.08/turn               (no ring)

@: no status effects
A: horns 2, retaliatory headbutt
a: no special abilities


You were on level 3 of the Dungeon.
You visited 1 branch of the dungeon, and saw 3 of its levels.

You collected 134 gold pieces.

Inventory:

Hand Weapons
 a - a +0 shortbow (weapon)
 h - a +1 dagger of freezing
Armour
 c - a +0 leather armour
 i - a +1 ring mail (worn)
Jewellery
 g - a ring of positive energy
Scrolls
 b - a scroll of immolation
 f - a scroll of amnesia
 j - a scroll of fear
 m - a scroll of poison
 o - a scroll of teleportation
Potions
 d - a potion of curing
 e - a potion of degeneration {unknown}
 p - a potion of invisibility


   Skills:
 + Level 3.6 Fighting
 + Level 5.0 Ranged Weapons
 + Level 2.1 Armour
 + Level 3.2 Dodging
 - Level 1.1 Stealth


You had 3 spell levels left.
You didn't know any spells.
Your spell library contained the following spells:

 Spells                   Type           Power      Damage    Failure   Level
 Frozen Ramparts          Ice            0%         1d1       96%         3
 Ice Form                 Ice/Tmut       0%         N/A       100%        4
 Summon Ice Beast         Ice/Summ       0%         N/A       100%        4


Dungeon Overview and Level Annotations

Branches:
Dungeon (3/15)

Altars:
Vehumet


Innate Abilities, Weirdness & Mutations

You have a pair of horns on your head.
You reflexively headbutt those who attack you in melee.


Message History

You hear some strange, mumbled words.
You are confused.
The orc closely misses you. Something hits you.
The orc hits you but does no damage. The orc closely misses you.
You clumsily bash something but do no damage.
Your headbutt misses something. Something hits you. The orc barely misses you.
You bump into the rock wall.
Something hits you but does no damage. The orc closely misses you.
You bump into the rock wall.
Something barely misses you. The orc hits you with a +0 flail.
You clumsily bash the orc but do no damage.
You feel less confused. Something hits you but does no damage.
The orc barely misses you. You furiously retaliate!
You headbutt the orc. The orc hits you with a +0 flail.
Something hits you but does no damage.
You closely miss something. Something hits you but does no damage.
The orc hits you with a +0 flail.
You barely miss something. Your headbutt misses something.
Something hits you but does no damage. The orc misses you.
The orc barely misses you. Something hits you.
You clumsily bash something but do no damage.
You headbutt something. Something hits you but does no damage.
The orc closely misses you.
You clumsily bash something but do no damage.
Your headbutt misses something. Something hits you. The orc misses you.
The orc barely misses you. Something barely misses you.
You miss something. Something hits you but does no damage.
The orc hits you with a +0 flail.
You clumsily bash something but do no damage.
Something hits you but does no damage. The orc hits you with a +0 flail. x2
* * * LOW HITPOINT WARNING * * *
Something hits you.
* * * LOW HITPOINT WARNING * * *
You miss something. Your headbutt misses something.
Something hits you but does no damage. The orc hits you with a +0 flail.
* * * LOW HITPOINT WARNING * * *
You closely miss something. Something hits you but does no damage.
The orc hits you with a +0 flail.
You die...

####### ####.....#
........# #.o...# #.
#@{...# #..####.###
##...##..## #.........#
..........###
...........#.....###...##
.....†.....#....# #....#
................ #.#..#
...............# ##.##.#


You could see an orc.

Vanquished Creatures
  Natasha (thrice) (D:2)
  An adder (D:3)
  2 dart slugs
  An endoplasm (D:2)
  A giant cockroach (D:3)
  2 hobgoblins (D:1)
  A quokka (D:3)
  4 ball pythons
  7 bats
  2 goblins
  3 kobolds
  6 rats
33 creatures vanquished.

Notes
Turn   | Place    | Note
-------+----------+-------------------------------------------
     0 | D:1      | ChiefBigBeans the Minotaur Hunter began the quest for the
                  | Orb.
     0 | D:1      | Reached XP level 1. HP: 18/18 MP: 0/0
    94 | D:1      | Reached skill level 1 in Stealth
   249 | D:1      | Reached XP level 2. HP: 25/25 MP: 1/1
   631 | D:2      | Found a faded altar of an unknown god.
   781 | D:2      | Found a radiant altar of Vehumet.
  1162 | D:2      | Noticed Natasha
  1173 | D:2      | Noticed a crimson imp
  1173 | D:2      | Killed Natasha
  1174 | D:2      | Reached skill level 1 in Armour
  1174 | D:2      | Reached XP level 3. HP: 21/31 MP: 2/2
  1365 | D:2      | Noticed Natasha
  1370 | D:2      | Killed Natasha
  1371 | D:2      | Reached XP level 4. HP: 28/38 MP: 3/3
  1549 | D:2      | Noticed Natasha
  1558 | D:2      | Killed Natasha
  1559 | D:2      | Reached skill level 5 in Ranged Weapons
  2160 | D:3      | Slain by an orc

Illustrated notes

Levels and vault maps discovered:
D:1:      shiori_arrival_maze, layout_basic
D:2:      layout_loops_ring, basic_altar, ebering_ecumenical_altar_rust,
          uniq_natasha
D:3:      layout_rooms

Skill      XL: |  1  2  3  4 |
---------------+-------------+-----
Stealth        | 1 |  1.1
Fighting       | 3 |  3.6
Armour         | 1 2 |  2.1
Dodging        | 3 |  3.2
Ranged Weapons | 5 |  5.0

Action                   |  1- 3 |  4- 6 || total
-------------------------+-------+-------++-------
Melee: Shortbow          |       |    12 ||    12
       Headbutt          |       |     1 ||     1
 Fire: Shortbow          |    66 |    26 ||    92
  Use: Scroll            |       |     5 ||     5
       Potion            |       |     4 ||     4
Armor: Ring mail         |    11 |    15 ||    26
Dodge: Dodged            |    19 |    18 ||    37
